 Dungeon Crawl Stone Soup version 0.21-a0-286-g6fcecc0 (webtiles) character file.

7963 KristoblXynda the Carver (level 11, -2/76 HPs)
             Began as a Red Draconian Berserker on Sept 27, 2017.
             Was an Elder of Trog.
             Slain by a wolf spider zombie (14 damage)
             ... on level 12 of the Dungeon.
             The game lasted 00:22:56 (10289 turns).

KristoblXynda the Carver (Red Draconian Berserker) Turns: 10289, Time: 00:22:57

Health: -2/76      AC: 12    Str: 23    XL:     11   Next: 3%
Magic:  17/17      EV: 17    Int:  8    God:    Trog [****..]
Gold:   522        SH:  0    Dex: 13    Spells: 10/10 levels left

rFire    + . .     SeeInvis .   v - +1 long sword
rCold    . . .     Gourm    .   (no shield)
rNeg     . . .     Faith    .   (armour unavailable)
rPois    +         Spirit   .   (helmet restricted)
rElec    .         Reflect  .   z - +0 cloak
rCorr    .         Harm     .   B - +2 pair of gloves
MR       ++...     Rnd*Tele +   n - +0 pair of boots
Stlth    +++.......             (no amulet)
HPRegen  1.22/turn              L - +3 ring of strength
MPRegen  0.15/turn              E - ring of poison resistance

@: marked, regenerating
A: breathe fire, unfitting armour, fire resistance 1, frail 1, teleportitis 1,
cold-blooded, AC +7
a: Breathe Fire, Berserk, Trog's Hand, Brothers in Arms, Burn Spellbooks,
Renounce Religion


You were on level 12 of the Dungeon.
You worshipped Trog.
Trog was greatly pleased with you.
You were not hungry.

You visited 1 branch of the dungeon, and saw 11 of its levels.

You collected 522 gold pieces.

Inventory:

Hand Weapons
 v - a +1 long sword (weapon)
 I - a +2 double sword of holy wrath
Missiles
 J - 4 javelins (quivered)
Armour
 n - a +0 pair of boots (worn)
 z - a +0 cloak (worn)
 B - a +2 pair of gloves (worn)
Jewellery
 h - a +4 ring of dexterity
 w - a +2 ring of evasion
 C - a +4 ring of dexterity
 E - a ring of poison resistance (right hand)
 L - a +3 ring of strength (left hand)
Wands
 k - a wand of digging (13/24)
 A - a wand of iceblast (8/15)
Scrolls
 f - a scroll of enchant weapon
 m - 4 scrolls of remove curse
 o - a scroll of amnesia
 D - a scroll of fear
 H - a scroll of immolation
 K - a scroll of enchant armour {unknown}
Potions
 c - a potion of might {unknown}
 d - 2 potions of brilliance
 e - 2 potions of lignification
 g - a potion of resistance {unknown}
 j - a potion of ambrosia
 p - a potion of magic
 t - 3 potions of flight {unknown}
 x - 3 potions of curing
 F - a potion of berserk rage
Books
 a - a book of Clouds

   Spells                             Type                      Level
   a - Poisonous Vapours              Poison/Air                   2
   b - Mephitic Cloud                 Conjuration/Poison/Air       3
   c - Conjure Flame                  Conjuration/Fire             3
   d - Freezing Cloud                 Conjuration/Ice/Air          6
   e - Ring of Flames                 Charms/Fire                  7
   Trog disapproves of the use of such an item.
 u - a book of Minor Magic

   Spells                             Type                      Level
   a - Magic Dart                     Conjuration                  1
   b - Blink                          Translocation                2
   c - Call Imp                       Summoning                    2
   d - Slow                           Hexes                        2
   e - Conjure Flame                  Conjuration/Fire             3
   f - Mephitic Cloud                 Conjuration/Poison/Air       3
   Trog disapproves of the use of such an item.
 G - a Young Poisoner's Handbook

   Spells                             Type                      Level
   a - Sting                          Conjuration/Poison           1
   b - Poisonous Vapours              Poison/Air                   2
   c - Mephitic Cloud                 Conjuration/Poison/Air       3
   d - Olgreb's Toxic Radiance        Poison                       4
   e - Venom Bolt                     Conjuration/Poison           5
   Trog disapproves of the use of such an item.
Comestibles
 b - 4 bread rations
 i - 14 fruits
 q - 4 meat rations
 r - a royal jelly


   Skills:
 + Level 4.3 Fighting
 + Level 10.3 Long Blades
 + Level 8.1 Dodging
 - Level 7.1 Stealth
 - Level 8.2 Evocations


You had 10 spell levels left.
You didn't know any spells.

Dungeon Overview and Level Annotations

Branches:
Dungeon (10/15)            Temple (0/1) D:4
   Lair: D:8-11         Orc: D:9-12

Altars:
Fedhas
Gozag
Kikubaaqudgha
Qazlal
Ru
Vehumet
Xom
Yredelemnul


Innate Abilities, Weirdness & Mutations

You can breathe blasts of fire.
Your fiery red scales are hard. (AC +7)
You cannot fit into any form of body armour.
Your flesh is heat resistant. (rF+)
You are cold-blooded and may be slowed by cold attacks.
You are frail. (-10% HP)
You are occasionally teleported next to monsters.


Message History

The orc wizard hits you but does no damage.
The orc wizard hits you but does no damage.
A wolf spider zombie comes into view.
The orc wizard points at you and mumbles some strange words.
The magic dart hits you! The wolf spider zombie hits you!!
* * * LOW HITPOINT WARNING * * *
The wolf spider zombie bites you.
* * * LOW HITPOINT WARNING * * *
There is an open door, spattered with blood here.
The orc wizard looks braver for a moment.
The wolf spider zombie hits you but does no damage.
The wolf spider zombie completely misses you.
The wolf spider zombie barely misses you. x2
Found a fruit.
The wolf spider zombie misses you. x2
Your skin crawls.
You feel resistant to hostile enchantments.
You feel somewhat more hungry. The wolf spider zombie hits you!
You die...

#...###..####.## ...
##)..###..####.###'#####
#..........#............
#..........#............
#....(....o#............
#.........o'............
#..........#..o.........
#+############Z#########
#@# #............
#....%.......
#............
#..##........ #..
########+ .. #. .. .. ..
. ...


You could see an orc wizard and a wolf spider zombie.

Vanquished Creatures
  The ghost of mhoghedin the Tainter, a novice NaVM of Cheibriados (D:10)
  A two-headed ogre (D:12)
  Urug (D:12)
  Pikel (D:8)
  Maurice (D:8)
  A manticore (D:8)
  A troll (D:10)
  A hippogriff (D:7)
  A wyvern (D:10)
  A hungry ghost (D:8)
  Menkaure (D:4)
  Duvessa (D:4)
  A black bear (D:8)
  2 orc warriors
  An ice beast (D:7)
  4 sky beasts
  4 ogres
  The ghost of tidbits the Ruffian, an amateur DrMo (D:6)
  A phantom (D:8)
  4 centaurs
  A big kobold (D:9)
  6 bullfrogs
  Dowan (D:4)
  A water moccasin zombie (D:7)
  7 scorpions
  3 howler monkeys
  7 crimson imps
  A bullfrog zombie (D:10)
  5 bullfrog skeletons
  2 centaur skeletons
  A centaur zombie (D:7)
  A hound (D:6)
  2 orc priests
  7 orc wizards
  A gnoll shaman (D:7)
  Jessica (D:2)
  An iguana (D:8)
  Natasha (thrice) (D:4)
  8 worker ants
  2 hound skeletons
  4 worker ant zombies
  Robin (D:4)
  6 adders
  7 gnolls
  A howler monkey skeleton (D:7)
  An ooze (D:7)
  2 worms (D:2)
  2 dart slugs
  9 leopard geckos
  28 orcs
  4 ball pythons
  5 bats
  4 giant cockroaches
  11 hobgoblins
  13 jackals
  6 kobolds
  5 quokkas
  5 frilled lizards
  16 goblins
  2 jackal zombies
  2 leopard gecko skeletons
  A quokka skeleton (D:7)
  6 rats
232 creatures vanquished.

Vanquished Creatures (others)
  3 slaves (D:8)
  3 killer bees (D:10)
  A howler monkey (D:10)
  A jackal (D:8)
8 creatures vanquished.

Grand Total: 240 creatures vanquished

Notes
Turn   | Place    | Note
-------+----------+-------------------------------------------
     0 | D:1      | KristoblXynda the Draconian Berserker began the quest for the Orb.
     0 | D:1      | Reached XP level 1. HP: 19/19 MP: 1/1
   178 | D:1      | Reached XP level 2. HP: 7/26 MP: 2/2
  1404 | D:2      | Reached XP level 3. HP: 23/31 MP: 3/3
  1512 | D:2      | Found a sacrificial altar of Ru.
  1709 | D:2      | Noticed Jessica
  1720 | D:2      | Killed Jessica
  1720 | D:2      | Reached ** piety under Trog
  1720 | D:2      | Reached skill level 4 in Long Blades
  1720 | D:2      | Reached XP level 4. HP: 38/38 MP: 4/4
  2494 | D:3      | Found an opulent altar of Gozag.
  2494 | D:3      | Found a stormy altar of Qazlal.
  2573 | D:3      | Found an ancient bone altar of Kikubaaqudgha.
  2610 | D:3      | Reached XP level 5. HP: 44/45 MP: 5/5
  2670 | D:4      | Reached *** piety under Trog
  2710 | D:4      | Reached skill level 1 in Stealth
  2790 | D:4      | Found a staircase to the Ecumenical Temple.
  2815 | D:4      | Reached XP level 6. HP: 51/51 MP: 6/6
  2939 | D:4      | Noticed Robin
  2949 | D:4      | Noticed Dowan
  2950 | D:4      | Noticed Duvessa
  2973 | D:4      | Killed Duvessa
  2973 | D:4      | Reached skill level 5 in Long Blades
  2978 | D:4      | Killed Robin
  2978 | D:4      | Reached skill level 5 in Dodging
  2979 | D:4      | Killed Dowan
  3163 | D:4      | Noticed Natasha
  3171 | D:4      | Killed Natasha
  3336 | D:4      | Your scales start taking on a fiery red colour.
  3336 | D:4      | Reached XP level 7. HP: 51/57 MP: 7/7
  3336 | D:4      | Gained mutation: Your flesh is heat resistant. (rF+) [Red Draconian growth]
  3505 | D:4      | Noticed Natasha
  3514 | D:4      | Killed Natasha
  3537 | D:4      | Noticed Menkaure
  3547 | D:4      | Noticed Natasha
  3550 | D:4      | Killed Menkaure
  3581 | D:4      | Killed Natasha
  4068 | D:5      | Entered Level 5 of the Dungeon
  4099 | D:5      | Reached skill level 6 in Long Blades
  4295 | D:5      | Found a blossoming altar of Fedhas.
  4636 | D:5      | Found a basalt altar of Yredelemnul.
  4662 | D:5      | Reached **** piety under Trog
  4865 | D:5      | Reached XP level 8. HP: 39/63 MP: 8/8
  5108 | D:6      | Gained mutation: You are frail. (-10% HP) [mutagenic meat]
  5109 | D:6      | Gained mutation: You are occasionally teleported next to monsters. [mutagenic meat]
  5388 | D:6      | Reached skill level 1 in Evocations
  5433 | D:6      | Noticed tidbits's ghost (amateur DrMo)
  5442 | D:6      | Killed tidbits's ghost
  5442 | D:6      | Reached skill level 5 in Stealth
  5580 | D:6      | HP: 2/56 [centaur/uncursed hand axe (10)]
  5615 | D:6      | Reached skill level 7 in Long Blades
  6330 | D:7      | Noticed a hippogriff
  6343 | D:7      | Killed a hippogriff
  6343 | D:7      | Reached XP level 9. HP: 56/63 MP: 11/11
  6744 | D:7      | Reached skill level 8 in Long Blades
  7069 | D:7      | Reached skill level 5 in Evocations
  7472 | D:8      | Noticed a manticore
  7472 | D:8      | Noticed Maurice
  7474 | D:8      | Noticed Pikel
  7964 | D:8      | Killed Pikel
  7964 | D:8      | Reached skill level 9 in Long Blades
  7964 | D:8      | Reached XP level 10. HP: 67/71 MP: 14/14
  8005 | D:8      | Found a shimmering altar of Xom.
  8023 | D:8      | Killed Maurice
  8040 | D:8      | Killed a manticore
  8509 | D:9      | Reached ***** piety under Trog
  8589 | D:9      | Received a gift from Trog
  8730 | D:9      | Found a radiant altar of Vehumet.
  9056 | D:10     | Entered Level 10 of the Dungeon
  9387 | D:10     | Noticed mhoghedin's ghost (novice NaVM)
  9399 | D:10     | Killed mhoghedin's ghost
  9399 | D:10     | Reached skill level 10 in Long Blades
  9661 | D:10     | You fall through a shaft for 2 floors!
  9858 | D:12     | Noticed a two-headed ogre
  9914 | D:12     | Killed a two-headed ogre
  9944 | D:12     | Noticed Urug
  9950 | D:12     | Killed Urug
  9950 | D:12     | Reached XP level 11. HP: 36/75 MP: 17/17
 10274 | D:12     | Noticed a green ugly thing
 10281 | D:12     | Noticed a two-headed ogre
 10289 | D:12     | Slain by a wolf spider zombie

Vault maps used:
D:1:      dpeg_arrival_signposts
D:2:      nicolae_ru_the_path_less_chosen, uniq_jessica
D:3:      overflow_temple_1_default, gammafunk_temple_overflow_wave,
          serial_bayou_crossing
D:4:      minmay_temple_entry_glass, first_bread, kennysheep_small_circle,
          uniq_natasha, uniq_menkaure, uniq_robin, uniq_duvessa
D:5:      serial_co_window_serial, co_window_corner_a, co_window_paths_b,
          co_window_paths_a, co_window_paths_b, co_window_paths_a,
          co_window_corner_b, co_window_corner_b, co_window_of_opportunity_b,
          glass_columns_c, glass_columns_c, glass_columns_c, basic_altar,
          lemuel_tele_altar
D:7:      minmay_joined_circles
D:8:      xom_confusion_cloud, uniq_pikel, uniq_maurice
D:9:      blue_anna_alchemist, grunt_ministairs_15, vehumet_altar_wand_db
D:10:     lemuel_flamethrower_2
D:12:     orc_0_dummy, uniq_urug

Skill      XL: |  1  2  3  4  5  6  7  8  9 10 |
---------------+-------------------------------+-----
Dodging        | 3 4 5 6 8 |  8.1
Long Blades    | 4 5 6 7 9 10 | 10.3
Stealth        | 2 3 4 6 7 |  7.1
Evocations     | 3 6 8 |  8.2
Fighting       | 4 |  4.3

Action                   |  1- 3 |  4- 6 |  7- 9 | 10-12 || total
-------------------------+-------+-------+-------+-------++-------
Melee: Falchion          |    98 |   166 |   330 |       ||   594
       Tailslap          |    12 |    37 |    91 |    45 ||   185
       Long sword        |       |       |    81 |   160 ||   241
Invok: Berserk           |     1 |     1 |     7 |     2 ||    11
       Trog's Hand       |       |     1 |     1 |     1 ||     3
 Abil: Breathe Fire      |       |       |     8 |     5 ||    13
Evoke: Wand              |       |       |       |     6 ||     6
  Use: Scroll            |       |     2 |    11 |     5 ||    18
       Potion            |       |     2 |     1 |       ||     3
 Stab: Sleeping          |     1 |     3 |     7 |     3 ||    14
       Distracted        |       |       |       |     1 ||     1
  Eat: Chunk             |     2 |     8 |     9 |       ||    19
       Meat ration       |       |       |     2 |       ||     2
       Royal jelly       |       |       |     2 |       ||     2
       Bread ration      |       |       |     1 |       ||     1
       Fruit             |       |       |       |    14 ||    14
Armor: Skin              |    35 |    61 |   116 |    30 ||   242
Dodge: Dodged            |    61 |   132 |   270 |   140 ||   603
       Rpst.: Falchion   |    16 |    33 |    51 |       ||   100
       Long sword        |       |       |    28 |    36 ||    64

Table legend:
 A = Spawn XP
 B = Non-spawn XP
 C = Spawn XP percentage of total XP
 D = Spawn monster count
 E = Non-spawn monster count
 F = Spawn count percentage of total count
 G = Total turns spent on level
                    A         B        C        D         E        F      G
               +---------+---------+-------+---------+---------+-------+---------
         Total |       0 |   11377 |   0.0 |       0 |     232 |   0.0 | 10289
               +---------+---------+-------+---------+---------+-------+---------
           D:1 |       0 |      30 |   0.0 |       0 |      15 |   0.0 |  1251
           D:2 |       0 |     108 |   0.0 |       0 |      23 |   0.0 |   791
           D:3 |       0 |      71 |   0.0 |       0 |      27 |   0.0 |   608
           D:4 |       0 |    1008 |   0.0 |       0 |      32 |   0.0 |  1418
           D:5 |       0 |     287 |   0.0 |       0 |      19 |   0.0 |   971
           D:6 |       0 |     981 |   0.0 |       0 |      18 |   0.0 |  1173
           D:7 |       0 |    1551 |   0.0 |       0 |      29 |   0.0 |   894
           D:8 |       0 |    2795 |   0.0 |       0 |      28 |   0.0 |  1226
           D:9 |       0 |     920 |   0.0 |       0 |      22 |   0.0 |   724
          D:10 |       0 |    1536 |   0.0 |       0 |       6 |   0.0 |   605
          D:12 |       0 |    2090 |   0.0 |       0 |      13 |   0.0 |   628
               +---------+---------+-------+---------+---------+-------+---------
